 Dungeon Sprint DCSS version 0.18.1-47-g9310371 (webtiles) character file.

509 rftp080 the Grappler (level 6, -8/67 HPs)
             Began as a Troll Fighter on June 20, 2016.
             Was a Follower of Cheibriados.
             Mangled by a troll (10 damage)
             ... in the Dungeon (Sprint IX: "|||||||||||||||||||||||||||||").
             The game lasted 00:01:15 (139 turns).

rftp080 the Grappler (Troll Fighter)                 Turns: 139, Time: 00:01:16

Health: -8/67      AC:  7    Str: 31    XL:     6   Next: 98%
Magic:  5/5        EV: 12    Int:  7    God:    Cheibriados [*.....]
Gold:   0          SH: 11    Dex: 14    Spells: 0 memorised, 5 levels left

rFire  . . .     SeeInvis .       - Unarmed
rCold  . . .     Gourm    +     a - +0 robe
rNeg   . . .     Faith    .     b - +0 shield
rPois  .         Spirit   .     (helmet restricted)
rElec  .         Dismiss  .     (no cloak)
rCorr  .         Reflect  .     (gloves unavailable)
SustAt .         Harm     .     (boots unavailable)
MR     .....     NoTele   +     (no amulet)
Stlth  +.........               s - +2 ring of protection
                                r - +3 ring of strength

@: lethally poisoned (-8 -> -9), very slow, not resistant to hostile
enchantments, very unstealthy
A: unfitting armour, claws 3, fast metabolism 3, gourmand, regeneration 2,
shaggy fur 1, tough skin 2
a: Bend Time, Renounce Religion


You were in the Dungeon.
You worshipped Cheibriados.
Cheibriados was aware of your devotion.
You were not hungry.

You visited 1 branch

Inventory:

Hand Weapons
 q - a +2 dire flail of protection
Armour
 a - a +0 robe (worn)
 b - a +0 shield (worn)
 p - a +0 cloak
Magical Staves
 o - an uncursed staff of energy
Jewellery
 r - a +3 ring of strength (left claw)
 s - a +2 ring of protection (right claw)
Wands
 n - a wand of acid (7/15)
Scrolls
 j - 2 scrolls of blinking
 l - 3 scrolls of remove curse
 m - 2 scrolls of amnesia
Potions
 c - a potion of might
 e - 5 potions of curing
 f - 2 potions of heal wounds
 g - a potion of haste
 h - 4 potions of magic
 i - a potion of berserk rage
 k - a potion of invisibility
Comestibles
 d - 2 bread rations


   Skills:
 + Level 6.1 Fighting
 + Level 6.2 Dodging
 + Level 6.2 Shields
 * Level 9.4 Unarmed Combat


You had 5 spell levels left.
You didn't know any spells.

Dungeon Overview and Level Annotations

Branches:
Dungeon (1/1)

Altars:
Cheibriados
Dithmenos
Elyvilon
Fedhas
Gozag
Kikubaaqudgha
Makhleb
Nemelex Xobeh
Okawaru
Pakellas
Qazlal
Ru
Sif Muna
Trog
Vehumet
Xom
Yredelemnul
Zin
The Shining One
Beogh
Jiyva
Lugonu


Innate Abilities, Weirdness & Mutations

You are too large for most types of armour.
You have claws for hands.
Your metabolism is lightning-fast.
You like to eat raw meat.
You heal very quickly.
You are covered in fur (AC +1).
You have very tough skin (AC +2).


Message History

The troll is heavily wounded.
The troll bites you but does no damage. You block the troll's attack. x2
You claw the troll!
You kill the troll!
Cheibriados appreciates the change of pace.
Cheibriados slows and strengthens your metabolism.
Cheibriados raises the support of your attributes as your movement slows.
Your Fighting skill increases to level 6!
Your Dodging skill increases to level 6!
Your Shields skill increases to level 6!
Your Unarmed Combat skill increases to level 9!
The orc wizard barely misses you.
You mangle the orc wizard!!
You kill the orc wizard!
Cheibriados thoroughly appreciates the change of pace.
Cheibriados raises the support of your attributes as your movement slows.
You closely miss the troll. The troll bites you.
* * * LOW HITPOINT WARNING * * *
The troll barely misses you. The troll claws you!
You die...

▓.▓
▓.▓
▓)▓
▓.▓
▓[▓
▓[▓
▓.▓
▓(▓
▓@▓
▓T▓
▓s▓
▓.▓
▓.▓
▓.▓
▓.▓
▓+▓


You could see a troll and a scorpion.

Vanquished Creatures
  A troll (D)
  A water moccasin (D)
  A phantom (D)
  A centaur (D)
  An orc wizard (D)
  A dart slug (D)
  An orc (D)
  2 giant cockroaches (D)
  3 giant newts (D)
  A kobold (D)
  A rat (D)
14 creatures vanquished.

Notes
Turn   | Place    | Note
--------------------------------------------------------------
     0 | D        | rftp080 the Troll Fighter began the quest for the Orb.
     0 | D        | Reached XP level 1. HP: 22/22 MP: 0/0
    29 | D        | Noticed a phantom
    38 | D        | Reached XP level 2. HP: 27/29 MP: 1/1
    65 | D        | Killed a phantom
    65 | D        | Reached skill level 5 in Unarmed Combat
    65 | D        | Reached XP level 3. HP: 39/39 MP: 2/2
    65 | D        | Reached XP level 4. HP: 48/48 MP: 3/3
    70 | D        | Found a glowing silver altar of Zin.
    70 | D        | Found a glowing golden altar of the Shining One.
    70 | D        | Found an ancient bone altar of Kikubaaqudgha.
    70 | D        | Found a basalt altar of Yredelemnul.
    70 | D        | Found a shimmering altar of Xom.
    70 | D        | Found a radiant altar of Vehumet.
    71 | D        | Found an iron altar of Okawaru.
    72 | D        | Found a burning altar of Makhleb.
    73 | D        | Found a deep blue altar of Sif Muna.
    74 | D        | Found a bloodstained altar of Trog.
    75 | D        | Found a sparkling altar of Nemelex Xobeh.
    76 | D        | Found a white marble altar of Elyvilon.
    77 | D        | Found a roughly hewn altar of Beogh.
    78 | D        | Found a viscous altar of Jiyva.
    79 | D        | Found a corrupted altar of Lugonu.
    80 | D        | Found a blossoming altar of Fedhas.
    81 | D        | Found a snail-covered altar of Cheibriados.
    82 | D        | Found a shadowy altar of Dithmenos.
    83 | D        | Found a stormy altar of Qazlal.
    84 | D        | Found an opulent altar of Gozag.
    85 | D        | Found a sacrificial altar of Ru.
    86 | D        | Found an oddly glowing altar of Pakellas.
    89 | D        | Became a worshipper of Cheibriados the Contemplative
   118 | D        | Noticed a water moccasin
   118 | D        | Noticed a centaur
   118 | D        | Noticed a troll
   118 | D        | Noticed a troll
   125 | D        | Killed a water moccasin
   125 | D        | Reached skill level 5 in Fighting
   125 | D        | Reached skill level 5 in Dodging
   125 | D        | Reached skill level 5 in Shields
   125 | D        | Reached skill level 7 in Unarmed Combat
   125 | D        | Reached XP level 5. HP: 46/57 MP: 4/4
   129 | D        | Killed a centaur
   129 | D        | Reached skill level 8 in Unarmed Combat
   129 | D        | Reached XP level 6. HP: 36/66 MP: 5/5
   137 | D        | Killed a troll
   137 | D        | Reached * piety under Cheibriados
   137 | D        | Reached skill level 9 in Unarmed Combat
   139 | D        | HP: 2/67 [troll (4)]
   139 | D        | Mangled by a troll

Skill      XL: |  1  2  3  4  5  6 |
---------------+-------------------+-----
Shields        | 3 4 5 6 |  6.2
Dodging        | 3 4 5 6 |  6.2
Fighting       | 4 5 6 |  6.1
Unarmed Combat | 5 7 8 9 |  9.4

Action                   |  1- 3 |  4- 6 || total
-------------------------+-------+-------++-------
Melee: Unarmed           |    37 |    19 ||    56
  Use: Potion            |       |     1 ||     1
  Eat: Chunk             |     2 |       ||     2
Armor: Robe              |     4 |     5 ||     9
Dodge: Dodged            |    10 |     7 ||    17
Block: Shield            |    10 |     6 ||    16
